 Dungeon Crawl Stone Soup version 0.21.1-68-g103a7af (webtiles) character file.

30 meralisa the Insei (level 3, 0/31 HPs)
             Began as a Naga Transmuter on Aug 2, 2018.
             Killed by divine providence
             ... invoked by an orc priest
              (12 damage)
             ... on level 2 of the Dungeon.
             The game lasted 00:05:06 (2052 turns).

meralisa the Insei (Naga Transmuter)                Turns: 2052, Time: 00:05:07

Health: 0/31       AC:  2    Str: 12    XL:     3   Next: 20%
Magic:  2/6        EV: 10    Int: 13    God:
Gold:   87         SH:  0    Dex: 12    Spells: 0/6 levels left

rFire    + . .     SeeInvis +     - Unarmed
rCold    . . .     Gourm    .   (no shield)
rNeg     . . .     Faith    .   b - +0 robe
rPois    +         Spirit   .   (no helmet)
rElec    .         Reflect  .   (no cloak)
rCorr    .         Harm     .   (no gloves)
MR       .....                  (no barding)
Stlth    ++........             (no amulet)
HPRegen  0.10/turn              k - ring of protection from fire (curse)
MPRegen  0.10/turn              (no ring)

@: very slow
A: large, see invisible, deformed body, poison resistance, slowness 2, slow
metabolism 1, spit poison 1, AC +1
a: Spit Poison


You were on level 2 of the Dungeon.
You were hungry.

You visited 1 branch of the dungeon, and saw 2 of its levels.

You collected 87 gold pieces.

Inventory:

Hand Weapons
 j - a cursed -1 whip
Missiles
 a - 27 arrows
Armour
 b - a +0 robe (worn)
Jewellery
 k - a cursed ring of protection from fire (left hand)
Scrolls
 e - 2 scrolls of enchant armour {unknown}
 f - a scroll of enchant weapon {unknown}
 h - a scroll of immolation {unknown}
 m - a scroll of amnesia {unknown}
 o - a scroll of remove curse {unknown}
Potions
 g - 2 potions of berserk rage {unknown}
 i - a potion of degeneration {unknown}
 l - a potion of cancellation {unknown}
 n - a potion of mutation {unknown}
Books
 c - a book of Changes

   Spells                             Type                      Level
   a - Beastly Appendage              Transmutation                1
   b - Sticks to Snakes               Transmutation                2
   c - Spider Form                    Transmutation/Poison         3
   d - Ice Form                       Ice/Transmutation            4
   e - Blade Hands                    Transmutation                5


   Skills:
 * Level 1.5 Fighting
 + Level 1.6 Dodging
 * Level 1.9 Stealth
 + Level 3.3 Unarmed Combat
 + Level 2.2 Spellcasting
 + Level 2.2 Transmutations


You couldn't memorise any spells.
You knew the following spells:

 Your Spells              Type           Power        Failure   Level  Hunger
a - Beastly Appendage     Tmut           #.....       10%         1    ##.....
b - Sticks to Snakes      Tmut           #.......     16%         2    ###....
c - Spider Form           Tmut/Pois      #.........   43%         3    ####...


Dungeon Overview and Level Annotations

Branches:
Dungeon (2/15)

Altars:


Innate Abilities, Weirdness & Mutations

You cannot wear boots.
Your serpentine skin is tough. (AC +1)
You have supernaturally acute eyesight. (SInv)
Armour fits poorly on your strangely shaped body.
Your system is resistant to poisons. (rPois)
You cover ground very slowly.
You have a slow metabolism.
You can spit poison.


Message History

Confirm with . or Enter, or press ? or * to list all spells.
You create a snake!
You now have 27 arrows.
Casting: Sticks to Snakes
Confirm with . or Enter, or press ? or * to list all spells.
You don't have enough magic to cast that spell.
The orc throws a tomahawk.
The tomahawk closely misses you.
You hear a sizzling splash.
Your adder bites the orc priest but does no damage.
The orc priest looks satisfied for a moment.
Your adder bites the orc priest.
The orc priest completely misses your adder.
Your adder bites the orc priest.
The orc priest is poisoned.
Your adder poisons the orc priest!
The orc priest completely misses your adder.
You open the door.
Your adder closely misses the orc priest.
Your adder bites the orc priest but does no damage.
The orc priest calls down the wrath of Beogh upon you.
Beogh smites you!
You die...

......# ... #.#
#.###'###....#
####### #...(
#.#≈≈.≈≈#....#
#.....###..oo
#.#≈§.§≈#....#
'......##.o...
###§...≈##.###
#......# #§§§.≈##'#
######.# .
######≈≈.≈≈##### #.#
... #≈§≈≈≈≈§.§≈§≈≈≈≈
#.#
#..##≈...≈≈#.#≈§...≈
#.#
#..'@...Soo..§.....
#.#
#%.#≈...≈≈#.#§§...≈
#.## #.
#≈≈≈§§§≈§§≈§≈≈§≈
#..# #
######§≈§§§#####
##.# #§...≈# #.#
#≈§..≈# #.# #≈...§#
#.# #≈≈.≈≈# #.#


You could see an orc priest, an orc and a friendly adder.

Vanquished Creatures
  An adder (D:2)
  2 giant cockroaches
  A goblin (D:1)
  2 hobgoblins
  A ball python (D:1)
  2 bats
  2 frilled lizards (D:1)
  8 kobolds
  2 rats (D:1)
21 creatures vanquished.

Vanquished Creatures (collateral kills)
  A worm (D:2)
1 creature vanquished.

Grand Total: 22 creatures vanquished

Notes
Turn   | Place    | Note
-------+----------+-------------------------------------------
     0 | D:1      | meralisa the Naga Transmuter began the quest for the Orb.
     0 | D:1      | Reached XP level 1. HP: 18/18 MP: 3/3
   197 | D:1      | Reached XP level 2. HP: 7/25 MP: 3/5
   203 | D:1      | Learned a level 2 spell: Sticks to Snakes
   651 | D:1      | Reached skill level 1 in Stealth
  1747 | D:2      | Reached XP level 3. HP: 31/31 MP: 6/6
  1752 | D:2      | Learned a level 3 spell: Spider Form
  2052 | D:2      | Killed from afar by an orc priest

Skill      XL: |  1  2 |
---------------+-------+-----
Stealth        | 1 |  1.9
Fighting       | |  1.5
Dodging        | |  1.6
Unarmed Combat | |  3.3
Spellcasting   | |  2.2
Transmutations | |  2.2

Action                   || total
-------------------------++-------
Melee: Unarmed           ||    41
       Headbutt          ||     7
 Cast: Beastly Appendage ||    11
       Sticks to Snakes  ||     5
 Abil: Spit Poison       ||    18
  Eat: Ration            ||     1
Armor: Robe              ||    13
Dodge: Dodged            ||    34
